 Dungeon Crawl Stone Soup version 0.28.0-53-g5a82cb258f (webtiles) character file.

Game seed: 16043215260136668458

64759 DildoBatman the Earth Mage (level 15, -3/106 (115) HPs)
             Began as a Formicid Conjurer on July 15, 2022.
             Was an Initiate of Gozag.
             Slain by a caustic shrike simulacrum (21 damage)
             ... in an ice cave.
             The game lasted 01:10:39 (16731 turns).

DildoBatman the Earth Mage (Formicid Conjurer)     Turns: 16731, Time: 01:10:40

HP:   -3/106 (115)  AC: 14    Str: 13    XL:     15   Next: 55%
MP:   15/36         EV: 15    Int: 20    God:    Gozag
Gold: 1561          SH: 14    Dex: 19    Spells: 16/30 levels left

rFire   + . .      SeeInvis +   a - +1 falchion of Quoto {vorpal, Fly rElec rC+ MP+9}
rCold   + + +      Faith    .   G - +2 kite shield
rNeg    . . .      Spirit   .   o - +2 troll leather armour
rPois   .          Reflect  .   (helmet unavailable)
rElec   +          Harm     .   x - +2 cloak
rCorr   .          Rampage  .   T - +0 pair of gloves
Will    ++...                   X - +0 pair of boots
Stlth   +.........              m - amulet of Yled {RegenMP rC++ Dex+4 Stlth-}
HPRegen 1.07/turn               s - ring of wizardry
MPRegen 0.65/turn               u - ring of willpower

@: gold aura, flying, drained
A: permanent stasis, dig shafts and tunnels, antennae 3, four strong arms, fire
resistance 1, strong 1
a: Dig, Renounce Religion, Potion Petition, Call Merchant, Bribe Branch


You were in an ice cave.
You worshipped Gozag.
Gozag was most pleased with you.
You visited 3 branches of the dungeon, and saw 18 of its levels.
You also visited: Ice Cave.

You collected 2484 gold pieces.
You spent 528 gold pieces at shops.
You paid 395 gold pieces to Gozag.

Inventory:

Hand Weapons
 a - the +1 falchion of Quoto (weapon) {vorpal, Fly rElec rC+ MP+9}
   (You found it on level 11 of the Dungeon)

   It inflicts extra damage upon your enemies.
   rC:        It protects you from cold.
   rElec:     It insulates you from electricity.
   MP:        It affects your magic capacity (+9).
   Fly:       It grants you flight.
 b - a +4 great sword of freezing
 c - a +0 hunting sling
 d - a +4 scimitar of holy wrath
Missiles
 A - 87 sling bullets
 H - 326 arrows
 N - 91 bolts
 O - a curare-tipped dart (quivered)
 W - 4 throwing nets
Armour
 e - a +2 robe of fire resistance
 o - a +2 troll leather armour (worn)
 v - a +2 robe of willpower
 x - a +2 cloak (worn)
 G - a +2 kite shield (worn)
 L - a +0 tower shield
 T - a +0 pair of gloves (worn)
 X - a +0 pair of boots (worn)
Magical Staves
 w - a staff of conjuration
Jewellery
 g - an amulet of the acrobat
 m - the amulet of Yled (around neck) {RegenMP rC++ Dex+4 Stlth-}
   (You took it off an orc on level 3 of the Dungeon)

   [amulet of magic regeneration]

   It increases your rate of magic regeneration.
   Dex:       It affects your dexterity (+4).
   rC:        It greatly protects you from cold.
   Stlth:     It makes you less stealthy.
 r - an amulet of regeneration
 s - a ring of wizardry (left hand)
 u - a ring of willpower (right hand)
 K - a ring of positive energy
Wands
 h - a wand of mindburst (2)
 n - a wand of iceblast (23)
 S - a wand of acid (3)
Scrolls
 f - 3 scrolls of fear
 j - 2 scrolls of immolation
 k - a scroll of amnesia
 p - a scroll of summoning
 q - a scroll of blinking {unknown}
 y - 7 scrolls of enchant weapon
 z - 3 scrolls of identify
 E - a scroll of brand weapon {unknown}
 F - a scroll of holy word {unknown}
 V - 2 scrolls of fog
Potions
 i - 3 potions of brilliance
 l - 2 potions of magic
 t - a potion of berserk rage {unknown}
 B - a potion of ambrosia {unknown}
 D - a potion of cancellation {unknown}
 I - a potion of invisibility {unknown}
 J - 5 potions of curing
Miscellaneous
 Z - a phantom mirror


   Skills:
 - Level 10.0 Fighting
 - Level 10.0 Armour
 - Level 7.0 Dodging
 - Level 2.4 Stealth
 * Level 10.3 Shields
 - Level 8.0 Spellcasting
 - Level 6.0 Conjurations
 - Level 12.0 Necromancy
 - Level 16.5 Earth Magic


You had 16 spell levels left.
You knew the following spells:

 Your Spells              Type           Power      Damage    Failure   Level
a - Borgnjor's Vile Clut  Necr/Erth      30%        N/A       1%          5
b - Stone Arrow           Conj/Erth      100%       3d13      1%          3
c - Searing Ray           Conj           64%        2d6       1%          2
d - Vampiric Draining     Necr           54%        2d9       1%          3
f - Magic Dart            Conj           100%       1d8       1%          1

Your spell library contained the following spells:

 Spells                   Type           Power      Damage    Failure   Level
 Sandblast                Erth           100%       2d20      0%          1
 Animate Skeleton         Necr           100%       N/A       1%          1
 Pain                     Necr           100%       1d9       1%          1
 Corpse Rot               Necr/Air       64%        N/A       1%          2
 Passwall                 Tmut/Erth      34%        N/A       1%          2
 Animate Dead             Necr           27%        N/A       1%          4
 Dazzling Flash           Conj/Hex       40%        N/A       6%          3
 Anguish                  Hex/Necr       16%        N/A       6%          4
 Death Channel            Necr           27%        N/A       9%          6
 Fulminant Prism          Conj/Hex       10%        3d9       21%         4
 Iskenderun's Mystic Bla  Conj/Tloc      20%        2d6       21%         4
 Summon Ice Beast         Ice/Summ       8%         N/A       56%         4
 Simulacrum               Ice/Necr       16%        N/A       65%         6
 Summon Mana Viper        Hex/Summ       8%         N/A       87%         5
 Borgnjor's Revivificati  Necr           27%        N/A       96%         8
 Infestation              Necr           27%        N/A       96%         8
 Haunt                    Necr/Summ      16%        N/A       99%         7
 Monstrous Menagerie      Summ           4%         N/A       100%        7
 Necromutation            Tmut/Necr      16%        N/A       100%        8
 Death's Door             Necr           27%        N/A       100%        9


Dungeon Overview and Level Annotations

Branches:
Dungeon (15/15)            Temple (1/1) D:7            Lair (0/6) D:8
    Orc (2/2) D:12            Elf (0/3) Orc:2        Vaults (0/5) D:13
 Depths (0/4) D:15          IceCv (1/1)

Altars:
Ashenzari
Cheibriados
Dithmenos
Elyvilon
Fedhas
Gozag
Hepliaklqana
Kikubaaqudgha
Makhleb
Nemelex Xobeh
Okawaru
Qazlal
Ru
Sif Muna
Trog
Uskayaw
Vehumet
Wu Jian
Xom
Yredelemnul
Zin
The Shining One
Beogh

Shops:
D:2 (   D:12 *   Orc:2 ?(=(


Innate Abilities, Weirdness & Mutations

You cannot be hasted, slowed, berserked, paralysed or teleported.
You can dig through walls and to a lower floor.
You have a pair of large antennae on your head. (SInv)
Your four strong arms can wield two-handed weapons with a shield.
Your flesh is heat resistant. (rF+)
Your muscles are strong. (Str +2)


Message History

Aim: a golden dragon simulacrum (lightly damaged, 100% to hit)
Zombie hands grab the white very ugly thing.
Zombie hands grab the golden dragon simulacrum.
The zombie hands constrict the white very ugly thing!
The zombie hands constrict the golden dragon simulacrum.
The caustic shrike simulacrum is no longer distracted by gold.
The golden dragon simulacrum is distracted by your dazzling golden aura.
The zombie hands constrict the white very ugly thing!
You kill the white very ugly thing!
The zombie hands constrict the golden dragon simulacrum, but do no damage.
The golden dragon simulacrum is no longer distracted by gold.
The golden dragon simulacrum is distracted by your dazzling golden aura.
The zombie hands constrict the golden dragon simulacrum!
Casting: Borgnjor's Vile Clutch (mildly dangerous; 1% risk of failure)
Confirm with . or Enter, or press ? or * to list all spells.
Aiming: Borgnjor's Vile Clutch (mildly dangerous; 1% risk of failure)
Press: ? - help, Shift-Dir - straight line, f - dire elephant simulacrum, p - golden dragon simulacrum
Aim: a dire elephant simulacrum (100% to hit)
Zombie hands grab the caustic shrike simulacrum.
The golden dragon simulacrum is unaffected.
Zombie hands grab the dire elephant simulacrum.
The zombie hands constrict the golden dragon simulacrum!
The zombie hands constrict the caustic shrike simulacrum.
The zombie hands constrict the dire elephant simulacrum.
The golden dragon simulacrum is no longer distracted by gold.
The caustic shrike simulacrum claws you but does no damage.
The dire elephant simulacrum struggles to escape constriction.
You retract your mandibles.
You closely miss the caustic shrike simulacrum.
The caustic shrike simulacrum is almost destroyed.
The zombie hands constrict the golden dragon simulacrum!
The zombie hands constrict the caustic shrike simulacrum.
The zombie hands constrict the dire elephant simulacrum!
The zombie hands release their grip on the golden dragon simulacrum.
The caustic shrike simulacrum claws you!
The caustic shrike simulacrum freezes you.
You resist.
The caustic shrike simulacrum claws you!!
You die...
Your body crumbles into a pile of gold.

#...........#
#.....∩.....#
##.....Z...##
##...∩.ZZ##
##...$$##
######.##
##.## ##Z##
##@# ###


You could see a dire elephant simulacrum (clutched), a golden dragon simulacrum
and a caustic shrike simulacrum (clutched).

Vanquished Creatures
  Gastronok (Orc:1)
  2 orc warlords (Orc:2)
  Louise (D:15)
  A very ugly thing (IceCv)
  2 ettins (Orc:1)
  A boulder beetle (D:14)
  Harold (D:8)
  7 hydras
  A caustic shrike simulacrum (IceCv)
  2 ogre magi
  5 centaur warriors
  14 two-headed ogres
  A death knight (D:14)
  A tengu warrior (D:14)
  The ghost of kalagan the Thaumaturge, a journeyman DECj of Sif Muna (D:10)
  4 orc high priests (Orc:2)
  Nergalle (D:10)
  3 skeletal warriors
  A spriggan simulacrum (D:15)
  Pikel (D:5)
  5 orc knights (Orc:2)
  14 ugly things
  A salamander (shapeshifter) (D:14)
  3 deep elf pyromancers
  5 orc sorcerers
  A frost giant zombie (D:15)
  5 cyclopes
  2 manticores (D:13)
  A gargoyle (D:12)
  Maggie (D:7)
  2 centaur skeletons
  An unseen horror (D:13)
  A yaktaur (D:15)
  A komodo dragon (D:10)
  3 kobold demonologists
  6 trolls
  2 hydra skeletons
  A boulder beetle zombie (D:13)
  A centaur simulacrum (D:15)
  2 shadows
  A dire elephant simulacrum (IceCv)
  2 water elementals (D:12)
  4 yaks (D:9)
  A vampire (D:10)
  6 wraiths
  7 vampire mosquitoes
  A minotaur simulacrum (D:15)
  A steam dragon (D:8)
  Grum (D:10)
  Menkaure (D:4)
  3 wargs (Orc:2)
  2 harpy simulacra (IceCv)
  2 water moccasins (D:7)
  A human skeleton (D:14)
  An ogre skeleton (D:14)
  A black bear (D:5)
  2 necrophages
  44 orc warriors
  3 ice beasts
  7 orc zombies
  An alligator simulacrum (IceCv)
  An elf skeleton (D:14)
  11 centaurs
  13 ogres
  4 wolves
  A manticore skeleton (D:14)
  4 lemures
  8 kobold brigands
  2 bullfrogs (D:8)
  8 gnoll sergeants
  A water moccasin skeleton (D:5)
  2 warg zombies (Orc:2)
  2 cyclops skeletons
  13 killer bees
  A lindwurm simulacrum (D:15)
  10 wights
  9 electric eels
  3 howler monkeys
  A lava snake (D:14)
  4 centaur zombies
  3 bullfrog zombies
  3 hounds (D:5)
  2 jellies (D:7)
  A gnoll shaman (D:7)
  28 orc priests
  Crazy Yiuf (D:4)
  3 bullfrog skeletons
  19 orc wizards
  2 iguanas (D:5)
  A killer bee zombie (D:9)
  An acid dragon skeleton (D:14)
  A hound zombie (D:15)
  A howler monkey zombie (D:9)
  16 gnolls
  3 adders
  2 orc skeletons
  A steam dragon skeleton (D:13)
  A white imp (D:6)
  An ufetubus (D:6)
  An adder zombie (D:13)
  An adder skeleton (D:14)
  2 iguana skeletons
  3 dart slugs
  113 orcs
  9 ball pythons
  6 bats
  A bat skeleton (D:13)
  4 endoplasms
  3 giant cockroaches
  10 hobgoblins
  2 jackals (D:1)
  2 quokkas
  4 frilled lizards
  7 goblins
  20 kobolds
  A quokka skeleton (D:14)
  5 rats
  A rat skeleton (D:13)
  A rat zombie (D:12)
585 creatures vanquished.

Vanquished Creatures (others)
  A dire elephant simulacrum (D:15)
  An alligator simulacrum (D:15)
  A centaur (D:13)
  A deep troll simulacrum (D:15)
  An orc priest (Orc:2)
  12 plants
17 creatures vanquished.

Grand Total: 602 creatures vanquished

Notes
Turn   | Place    | Note
-------+----------+-------------------------------------------
     0 | D:1      | DildoBatman the Formicid Conjurer began the quest for the
                  | Orb.
     0 | D:1      | Reached XP level 1. HP: 13/13 MP: 3/3
   166 | D:1      | Reached XP level 2. HP: 15/20 MP: 3/5
   169 | D:1      | Learned a level 2 spell: Searing Ray
   217 | D:1      | Found a faded altar of an unknown god.
   333 | D:1      | Reached skill level 1 in Armour
   449 | D:1      | Reached skill level 1 in Fighting
   449 | D:1      | Reached XP level 3. HP: 26/26 MP: 3/6
  1201 | D:2      | Found Oxaog's Weapon Shop.
  1322 | D:3      | Reached XP level 4. HP: 32/32 MP: 8/8
  1749 | D:3      | Reached XP level 5. HP: 29/38 MP: 4/9
  1750 | D:3      | Identified the amulet of Yled {RegenMP rC++ Dex+4 Stlth-}
  2178 | D:4      | Noticed Menkaure
  2521 | D:4      | Found a runed translucent door.
  2522 | D:4      | Noticed Crazy Yiuf
  2906 | D:5      | Entered Level 5 of the Dungeon
  2931 | D:5      | Reached XP level 6. HP: 43/46 MP: 7/11
  3139 | D:5      | Reached skill level 5 in Conjurations
  3139 | D:5      | Reached XP level 7. HP: 33/52 MP: 7/13
  3343 | D:5      | Reached skill level 5 in Spellcasting
  3727 | D:5      | Reached XP level 8. HP: 57/58 MP: 12/16
  3900 | D:6      | Learned a level 3 spell: Vampiric Draining
  3912 | D:7      | Noticed Pikel
  4434 | D:7      | Reached skill level 1 in Necromancy
  4476 | D:7      | Found a burning altar of Makhleb.
  4513 | D:7      | Found a staircase to the Ecumenical Temple.
  4520 | Temple   | Entered the Ecumenical Temple
  4784 | Temple   | Became a worshipper of Kikubaaqudgha
  5664 | D:5      | Killed Pikel
  5665 | D:5      | Reached XP level 9. HP: 54/63 MP: 9/19
  5722 | D:5      | Reached skill level 5 in Necromancy
  5871 | D:4      | Killed Menkaure
  6055 | D:4      | Reached * piety under Kikubaaqudgha
  6055 | D:4      | Received a gift from Kikubaaqudgha
  6195 | D:4      | Killed Crazy Yiuf
  6467 | D:7      | Learned a level 3 spell: Stone Arrow
  6478 | D:7      | Noticed Maggie
  6487 | D:7      | You fall into a shaft and drop 3 floors!
  6487 | D:10     | Entered Level 10 of the Dungeon
  6487 | D:10     | Noticed Nergalle
  6487 | D:10     | Found a runed translucent gate.
  6487 | D:10     | Found a runed translucent gate.
  6487 | D:10     | Found a runed translucent gate.
  6488 | D:10     | Noticed kalagan's ghost (journeyman DECj)
  6488 | D:10     | Noticed Grum
  6608 | D:9      | Reached XP level 10. HP: 53/70 MP: 12/20
  6615 | D:9      | Noticed a four-headed hydra
  6624 | D:9      | Noticed a deep elf pyromancer
  6634 | D:9      | Killed a deep elf pyromancer
  6635 | D:9      | Reached skill level 3 in Earth Magic
  6668 | D:9      | Reached skill level 4 in Earth Magic
  6683 | D:9      | Reached skill level 5 in Earth Magic
  6736 | D:9      | Reached ** piety under Kikubaaqudgha
  6909 | D:9      | Reached skill level 6 in Earth Magic
  7854 | D:7      | Reached skill level 7 in Earth Magic
  7908 | D:7      | Killed Maggie
  8218 | D:7      | Reached skill level 8 in Earth Magic
  8478 | D:8      | Reached skill level 9 in Earth Magic
  8596 | D:8      | Noticed Harold
  8612 | D:8      | Killed Harold
  8613 | D:8      | Reached XP level 11. HP: 76/76 MP: 8/21
  8855 | D:8      | Found a staircase to the Lair.
  9115 | D:9      | Reached *** piety under Kikubaaqudgha
  9115 | D:9      | Received a gift from Kikubaaqudgha
  9142 | D:9      | Learned a level 5 spell: Borgnjor's Vile Clutch
  9281 | D:9      | Killed a four-headed hydra
  9282 | D:9      | Reached skill level 10 in Earth Magic
  9426 | D:10     | Noticed a two-headed ogre
  9439 | D:10     | Killed a two-headed ogre
  9487 | D:10     | Reached skill level 10 in Necromancy
  9525 | D:10     | Killed Nergalle
  9564 | D:10     | Killed Grum
  9592 | D:10     | Noticed a two-headed ogre
  9603 | D:10     | Killed a two-headed ogre
  9604 | D:10     | Reached skill level 5 in Shields
  9815 | D:10     | Noticed a cyclops
  9988 | D:11     | Found a radiant altar of Vehumet.
 10046 | D:11     | Reached XP level 12. HP: 75/83 MP: 17/22
 10349 | D:11     | Identified the +1 falchion of Quoto {vorpal, Fly rElec rC+
                  | MP+9}
 10482 | D:8      | Reached **** piety under Kikubaaqudgha
 11068 | D:12     | Reached skill level 11 in Earth Magic
 11072 | D:12     | Noticed a two-headed ogre
 11082 | D:12     | Noticed a soul eater
 11084 | D:12     | Killed a two-headed ogre
 11296 | D:12     | Found a staircase to the Orcish Mines.
 11423 | D:12     | Reached skill level 12 in Earth Magic
 11512 | D:12     | Found Ibos's Assorted Antiques.
 11518 | D:12     | Bought a runed hand axe for 192 gold pieces
 11520 | D:12     | Bought a scroll labelled DIOZ HID ELEADOIME for 32 gold
                  | pieces
 11520 | D:12     | Bought a scroll labelled HYPLAT IBBUMM for 32 gold pieces
 11520 | D:12     | Bought a scroll labelled CANOIQ CUARUX for 32 gold pieces
 11739 | Orc:1    | Entered Level 1 of the Orcish Mines
 11742 | Orc:1    | Noticed Gastronok
 11745 | Orc:1    | Noticed an ettin
 11751 | Orc:1    | Killed an ettin
 11754 | Orc:1    | Killed Gastronok
 11895 | Orc:1    | Reached XP level 13. HP: 72/90 MP: 22/23
 11935 | Orc:1    | Noticed an ettin
 11955 | Orc:1    | Killed an ettin
 11960 | Orc:1    | Reached skill level 5 in Fighting
 11960 | Orc:1    | Reached skill level 5 in Armour
 11961 | Orc:1    | Noticed an ogre mage
 11995 | Orc:1    | Killed an ogre mage
 11995 | Orc:1    | Reached ***** piety under Kikubaaqudgha
 12207 | Orc:2    | Entered Level 2 of the Orcish Mines
 12320 | Orc:2    | Reached skill level 5 in Dodging
 12598 | Orc:2    | Found Etosirag's Antique Weapon Emporium.
 12615 | Orc:2    | Found Siad's Jewellery Shoppe.
 12802 | Orc:2    | Noticed an orc warlord
 12828 | Orc:2    | Killed an orc warlord
 13118 | Orc:2    | Reached ****** piety under Kikubaaqudgha
 13119 | Orc:2    | Reached XP level 14. HP: 103/103 MP: 26/26
 13175 | Orc:1    | Received a gift from Kikubaaqudgha
 13178 | Orc:1    | Fell from the grace of Kikubaaqudgha
 13371 | Temple   | Became a worshipper of Gozag Ym Sagoz the Greedy
 13692 | Orc:2    | Noticed an orc warlord
 13709 | Orc:2    | Killed an orc warlord
 13886 | Orc:2    | Found a staircase to the Elven Halls.
 13971 | Orc:2    | Gained mutation: You are dopey. (Int -2) [a neqoxec]
 14063 | Orc:2    | Found Resiappogre's Magic Scroll Shoppe.
 14085 | Orc:2    | Bought a scroll of noise for 12 gold pieces
 14085 | Orc:2    | Bought a scroll of enchant armour for 90 gold pieces
 14085 | Orc:2    | Bought a scroll of enchant armour for 90 gold pieces
 14085 | Orc:2    | Bought a scroll of identify for 24 gold pieces
 14085 | Orc:2    | Bought a scroll of identify for 24 gold pieces
 14172 | Orc:2    | Found Rin Jick's Weapon Boutique.
 14492 | D:10     | Killed kalagan's ghost
 14641 | D:13     | Reached skill level 10 in Armour
 14709 | D:13     | Found a gate to the Vaults.
 14725 | D:13     | Reached skill level 10 in Fighting
 14868 | D:13     | Reached skill level 13 in Earth Magic
 15556 | D:13     | Lost mutation: You are dopey. (Int -2) [potion of mutation]
 15556 | D:13     | Gained mutation: Your muscles are strong. (Str +2) [potion
                  | of mutation]
 15556 | D:13     | Gained mutation: Your flesh is heat resistant. (rF+)
                  | [potion of mutation]
 15583 | D:14     | Reached skill level 14 in Earth Magic
 15588 | D:14     | Reached XP level 15. HP: 104/115 MP: 23/27
 15691 | D:14     | Reached skill level 15 in Earth Magic
 15850 | D:14     | Reached skill level 16 in Earth Magic
 16127 | D:14     | Found a glowing golden altar of the Shining One.
 16272 | D:15     | Entered Level 15 of the Dungeon
 16272 | D:15     | Noticed Louise
 16308 | D:15     | Killed Louise
 16648 | D:15     | Noticed a brown very ugly thing
 16699 | D:15     | Found a frozen archway.
 16710 | IceCv    | Entered an ice cave
 16710 | IceCv    | Noticed a white very ugly thing
 16725 | IceCv    | Reached skill level 10 in Shields
 16728 | IceCv    | Killed a white very ugly thing
 16731 | IceCv    | Slain by a caustic shrike simulacrum

Illustrated notes

Levels and vault maps discovered:
D:1:      dpeg_arrival_arbitrary_a, layout_loops_ring,
          shapermc_ecumenical_altar_mp_ritualfount
D:2:      layout_rooms, serial_shops, nicolae_lakefront_shop,
          kennysheep_generic_room_4
D:3:      cheibrodos_old_hovel, layout_loops_ring, nicolae_figureground_pulse
D:4:      cheibrodos_thug_alley, layout_layer_cave, uniq_menkaure,
          uniq_crazy_yiuf_cottage
D:5:      layout_basic
D:6:      layout_loops_corners, minmay_misc_feat_iff
D:7:      layout_loops_corners, mainiacjoe_overflow_boulevard, temple_statues,
          uniq_maggie, uniq_pikel
D:8:      layout_loops_cross, lair_entry_dummy, serial_aquarium,
          aquarium_bridge_straight [aquarium_subvault_bridge,
          aquarium_subvault_balcony, aquarium_subvault_bridge,
          aquarium_subvault_window], aquarium_window_corner,
          aquarium_window_corridor_3, aquarium_window_2, aquarium_window_2,
          aquarium_view_2a, aquarium_view_2d, aquarium_pool_corner, uniq_harold
D:9:      layout_basic, minmay_mirror_moons_of_madness
D:10:     layout_cave_pools, gammafunk_ghost_split, uniq_nergalle, uniq_grum
D:11:     layout_gridville, nicolae_vehumet_altar_sigil
D:12:     layout_basic, kennysheep_orc_monster_closet_entryway, serial_shops,
          nicolae_diamond_shop
D:13:     layout_long_grid, david_vaults_2, hangedman_decor_opposing
D:14:     layout_cave_pools, old_standard_altar, kennysheep_inner_square
D:15:     gammafunk_enter_depths_forms, layout_gridville, serial_shops,
          nicolae_lakefront_shop, portal_ice_cave_entry_ice_simulacra,
          uniq_louise
Temple:   mainiacjoe_temple_hex_bubbles
Orc:1:    layout_diamond_mine, lemuel_statue_altar, uniq_gastronok
Orc:2:    pubby_orc_utopia
IceCv:    ice_cave_statue_garden_transporter

Skill      XL: |  1  2  3  4  5  6  7  8  9 10 11 12 13 14 15 |
---------------+----------------------------------------------+-----
Dodging        | 2 3 6 7 |  7.0
Armour         | 1 2 3 4 8 10 | 10.0
Fighting       | 1 2 3 4 7 10 | 10.0
Conjurations   | 4 5 6 |  6.0
Spellcasting   | 3 4 5 7 8 |  8.0
Necromancy     | 4 8 9 10 12 | 12.0
Shields        | 3 4 7 9 10 | 10.3
Earth Magic    | 9 10 12 14 16 | 16.5
Stealth        | |  2.4

Action                   |  1- 3 |  4- 6 |  7- 9 | 10-12 | 13-15 || total
-------------------------+-------+-------+-------+-------+-------++-------
Melee: Quarterstaff      |    44 |       |       |       |       ||    44
       Short sword       |     1 |       |       |       |       ||     1
       Punch             |     2 |       |       |       |       ||     2
       Staff             |       |     4 |     2 |     2 |       ||     8
       Great sword       |       |       |       |    12 |       ||    12
       Falchion          |       |       |       |    48 |   202 ||   250
 Fire: Hunting sling     |     6 |    39 |       |     5 |       ||    50
Throw: Stone             |     5 |       |       |       |       ||     5
 Cast: Magic Dart        |    18 |     2 |    31 |    33 |       ||    84
       Searing Ray       |     6 |    16 |    60 |    26 |       ||   108
       Vampiric Draining |       |       |    18 |    53 |    21 ||    92
       Stone Arrow       |       |       |       |    51 |   132 ||   183
       Borgnjor's Vile C |       |       |       |    65 |   210 ||   275
Invok: Receive Forbidden |       |       |       |       |     1 ||     1
       Renounce Religion |       |       |       |       |     1 ||     1
 Abil: Dig               |       |       |     3 |     6 |     6 ||    15
       Shaft Self        |       |       |     1 |       |       ||     1
  Use: Scroll            |       |       |     5 |       |    13 ||    18
       Potion            |       |       |       |       |     1 ||     1
 Stab: Sleeping          |     1 |       |       |       |       ||     1
Armor: Robe              |    11 |     3 |    22 |    37 |       ||    73
       Troll leather arm |       |       |       |    15 |   123 ||   138
Dodge: Dodged            |    42 |    10 |    69 |   103 |   226 ||   450
Block: Buckler           |       |       |    12 |    24 |       ||    36
       Kite shield       |       |       |       |    53 |   267 ||   320
